 Dungeon Crawl Stone Soup version 0.23-a0-517-gb7c078159a (webtiles) character file.

1360 Napalmbreeze the Destroyer (level 8, 0/41 HPs)
             Began as a Deep Elf Fire Elementalist on Dec 6, 2018.
             Slain by Duvessa
             ... wielding a +0 rapier
              (15 damage)
             ... on level 5 of the Dungeon.
             The game lasted 00:11:24 (4740 turns).

Napalmbreeze the Destroyer (DEFE)                   Turns: 4740, Time: 00:11:24

Health: 0/41       AC:  3    Str:  5    XL:     8   Next: 37%
Magic:  3/21       EV: 13    Int: 27    God:
Gold:   222        SH:  0    Dex: 15    Spells: 6/21 levels left

rFire    . . .     SeeInvis .   g - +2 short sword (venom)
rCold    . . .     Gourm    .   (no shield)
rNeg     . . .     Faith    .   n - +1 robe {MR+}
rPois    .         Spirit   .   (no helmet)
rElec    .         Reflect  .   (no cloak)
rCorr    +         Harm     +   (no gloves)
MR       +....                  (no boots)
Stlth    ++........             m - amulet of harm
HPRegen  0.13/turn              j - +4 ring of intelligence
MPRegen  0.17/turn              a - ring of resist corrosion

@: no status effects
A: no striking features
a: no special abilities


You were on level 5 of the Dungeon.
You were near starving.

You visited 1 branch of the dungeon, and saw 5 of its levels.

You collected 222 gold pieces.

Inventory:

Hand Weapons
 g - a +2 short sword of venom (weapon)
Armour
 n - a +1 robe of magic resistance (worn)
Jewellery
 a - a ring of resist corrosion (right hand)
 j - a +4 ring of intelligence (left hand)
 m - an amulet of harm (around neck)
Scrolls
 b - 2 scrolls of blinking {unknown}
 d - 7 scrolls of remove curse
 h - a scroll of fear {unknown}
 i - 8 scrolls of identify {unknown}
 o - a scroll of enchant weapon {unknown}
 q - a scroll of magic mapping {unknown}
 r - a scroll of fog {unknown}
Potions
 e - 2 potions of cancellation {unknown}
 f - a potion of magic {unknown}
 k - 2 potions of heal wounds {unknown}
 l - 4 potions of haste {unknown}
 p - 2 potions of curing {unknown}
 s - a potion of lignification {unknown}
Comestibles
 c - 6 rations


   Skills:
 - Level 2.4 Dodging
 - Level 2.4 Stealth
 + Level 7.3 Spellcasting
 * Level 8.0 Conjurations
 + Level 6.5 Fire Magic


You had 6 spell levels left.
You knew the following spells:

 Your Spells              Type           Power        Failure   Level  Hunger
a - Flame Tongue          Conj/Fire      #####        1%          1    None
d - Conjure Flame         Conj/Fire      #####...     1%          3    None
e - Fireball              Conj/Fire      #####.....   8%          5    #####..
f - Sticky Flame          Conj/Fire      #####...     2%          4    ##.....
s - Throw Flame           Conj/Fire      #####.       1%          2    None

Your spell library contained the following spells:

 Spells                   Type           Power        Failure   Level  Hunger
 Dazzling Spray           Conj/Hex       ####..       3%          3    None
 Inner Flame              Hex/Fire       ####....     4%          3    None
 Corona                   Hex            #......      5%          1    None
 Ensorcelled Hibernation  Hex/Ice        #.....       9%          2    None
 Confuse                  Hex            #.......     17%         3    None
 Tukima's Dance           Hex            #.......     17%         3    None


Dungeon Overview and Level Annotations

Branches:
Dungeon (5/15)
 Temple: D:4-7

Altars:
Dithmenos
Gozag
Hepliaklqana
Trog
Yredelemnul

Annotations:
D:5 Duvessa


Message History

The sticky flame hits Duvessa.
Duvessa appears unharmed.
Duvessa is moderately wounded.
Duvessa is covered in liquid flames!
You are near starving!
Duvessa burns!
Duvessa hits you with a +0 rapier!
Unknown command.
What are your orders? t - Shout!
Orders for allies: a - Attack new target. p - Attack previous target. r - Retreat! s - Stop attacking. g - Guard the area. f - Follow me.
Anything else - Cancel.
Okay, then.
Okay, then.
Unknown command.
Duvessa burns!
Duvessa hits you but does no damage.
You completely miss Duvessa.
Duvessa is heavily wounded.
Duvessa burns!
Duvessa hits you with a +0 rapier!
You die...

######### ####### #........
#.....# #........ #.....#
#........ #.....# #........
#.....# #........
#######.....#######†.!.....
..)=<.'.........@eo....>...
#####.#.....#######J)......
#####.#.....# .........
....#.#.....# ..o......
....#.#.....'. ..........
....#.#.....#.# ..........
....#.#.....#.. ...........
....#.####### .......
....#.#


You could see Duvessa (berserk), a jelly and an orc.

Vanquished Creatures
  Pikel (D:5)
  An ogre (D:5)
  2 slaves (D:5)
  A sky beast (D:5)
  A centaur (D:5)
  Blork the orc (D:5)
  Dowan (D:5)
  A bullfrog zombie (D:5)
  A centaur zombie (D:5)
  An orc priest (D:4)
  A jelly (D:5)
  Jessica (D:3)
  Terence (D:3)
  Natasha (thrice) (D:4)
  3 orc wizards (D:4)
  A worker ant (D:4)
  A hound skeleton (D:5)
  7 gnolls (D:4)
  8 adders
  A shadow imp (D:5)
  An ooze (D:1)
  An adder skeleton (D:5)
  2 dart slugs
  4 leopard geckos
  4 orcs
  4 giant cockroaches
  8 goblins
  9 hobgoblins
  7 jackals
  4 kobolds
  A quokka (D:4)
  7 bats
  2 frilled lizards
  A jackal skeleton (D:4)
  A jackal zombie (D:5)
  4 rats
98 creatures vanquished.

Notes
Turn   | Place    | Note
-------+----------+-------------------------------------------
     0 | D:1      | Napalmbreeze the Deep Elf Fire Elementalist began the quest
                  | for the Orb.
     0 | D:1      | Reached XP level 1. HP: 10/10 MP: 6/6
   366 | D:1      | Reached XP level 2. HP: 15/15 MP: 6/8
   375 | D:1      | Learned a level 2 spell: Throw Flame
   515 | D:1      | Reached skill level 2 in Conjurations
   950 | D:2      | Reached XP level 3. HP: 19/19 MP: 8/10
  1580 | D:2      | Learned a level 3 spell: Conjure Flame
  1861 | D:3      | Found a basalt altar of Yredelemnul.
  1919 | D:3      | Reached skill level 3 in Conjurations
  1996 | D:3      | Noticed Terence
  2013 | D:3      | Killed Terence
  2013 | D:3      | Reached XP level 4. HP: 24/24 MP: 1/12
  2100 | D:3      | Found a shadowy altar of Dithmenos.
  2477 | D:3      | Noticed Jessica
  2479 | D:3      | Killed Jessica
  2479 | D:3      | Reached XP level 5. HP: 28/28 MP: 8/13
  2485 | D:3      | Learned a level 4 spell: Sticky Flame
  2765 | D:4      | Reached skill level 4 in Conjurations
  3224 | D:4      | Reached XP level 6. HP: 28/32 MP: 6/15
  3236 | D:4      | Noticed Natasha
  3238 | D:4      | Killed Natasha
  3238 | D:4      | Reached skill level 5 in Spellcasting
  3399 | D:4      | Reached skill level 5 in Conjurations
  3442 | D:4      | Noticed Natasha
  3446 | D:4      | Killed Natasha
  3517 | D:4      | Reached skill level 5 in Fire Magic
  3614 | D:4      | Noticed Natasha
  3619 | D:4      | Killed Natasha
  3759 | D:4      | Found a bloodstained altar of Trog.
  4042 | D:5      | Entered Level 5 of the Dungeon
  4052 | D:5      | Learned a level 5 spell: Fireball
  4067 | D:5      | Noticed a sky beast
  4079 | D:5      | Reached XP level 7. HP: 36/36 MP: 12/17
  4097 | D:5      | Reached skill level 6 in Conjurations
  4310 | D:5      | Noticed Blork the orc
  4315 | D:5      | Killed Blork the orc
  4478 | D:5      | Found a hazy altar of Hepliaklqana.
  4498 | D:5      | Found an opulent altar of Gozag.
  4569 | D:5      | Noticed Pikel
  4591 | D:5      | Killed Pikel
  4591 | D:5      | Reached skill level 7 in Conjurations
  4591 | D:5      | Reached XP level 8. HP: 41/41 MP: 2/20
  4732 | D:5      | Noticed Duvessa
  4732 | D:5      | Noticed Dowan
  4735 | D:5      | Killed Dowan
  4735 | D:5      | Reached skill level 8 in Conjurations
  4740 | D:5      | Slain by Duvessa

Vault maps used:
D:1:      nagdon_arrival_double_spiral
D:2:      first_ration, serial_bayou_pond_a, minivault_5
D:3:      nicolae_dithmenos_shadow_blocks, yredelemnul_altar_generic,
          uniq_jessica, uniq_terence
D:4:      lemuel_crystal_altar, grunt_decor_arrowhead, uniq_natasha
D:5:      old_standard_altar, nicolae_overflow_hidden_temple, uniq_duvessa,
          uniq_blork_the_orc, uniq_pikel

Skill      XL: |  1  2  3  4  5  6  7  8 |
---------------+-------------------------+-----
Conjurations   | 2 3 4 5 7 8 |  8.0
Spellcasting   | 4 5 7 |  7.3
Fire Magic     | 4 5 6 |  6.5
Dodging        | |  2.4
Stealth        | |  2.4

Action                   |  1- 3 |  4- 6 |  7- 9 || total
-------------------------+-------+-------+-------++-------
Melee: Short sword       |     8 |    20 |     4 ||    32
       Spear             |     1 |       |       ||     1
 Cast: Flame Tongue      |    31 |    54 |    39 ||   124
       Throw Flame       |    30 |    33 |     4 ||    67
       Conjure Flame     |     1 |     2 |     1 ||     4
       Sticky Flame      |       |     5 |     5 ||    10
       Fireball          |       |       |     2 ||     2
  Use: Scroll            |       |     1 |       ||     1
 Stab: Sleeping          |     2 |     1 |       ||     3
  Eat: Chunk             |     4 |     7 |     1 ||    12
Armor: Robe              |     2 |     1 |     2 ||     5
Dodge: Dodged            |    15 |    22 |     6 ||    43

Table legend:
 A = Non-vault XP
 B = Vault XP
 C = Vault XP percentage of total XP
 D = Non-vault monster count
 E = Vault monster count
 F = Vault count percentage of total count
                 A         B        C        D         E       F
            +---------+---------+-------+---------+---------+-------
      Total |    1034 |     909 |  46.8 |      90 |       6 |   6.2
            +---------+---------+-------+---------+---------+-------
        D:1 |      39 |       0 |   0.0 |      17 |       0 |   0.0
        D:2 |      36 |       0 |   0.0 |      12 |       0 |   0.0
        D:3 |      76 |      73 |  49.0 |      23 |       2 |   8.0
        D:4 |     427 |      35 |   7.6 |      25 |       1 |   3.8
        D:5 |     456 |     801 |  63.7 |      13 |       3 |  18.8
            +---------+---------+-------+---------+---------+-------
